 Dungeon Crawl Stone Soup version 0.21-a0-633-g4c047d5 (webtiles) character file.

4605 KristoblXynda the Magician (level 10, -10/79 HPs)
             Began as a Gnoll Skald on Dec 28, 2017.
             Was a Follower of Nemelex Xobeh.
             Mangled by a two-headed ogre
             ... wielding a +0 giant club
              (13 damage)
             ... on level 8 of the Dungeon.
             The game lasted 00:20:58 (8578 turns).

KristoblXynda the Magician (Gnoll Skald)            Turns: 8578, Time: 00:21:01

Health: -10/79     AC: 10    Str: 18    XL:     10   Next: 42%
Magic:  17/20      EV: 15    Int: 16    God:    Nemelex Xobeh [*.....]
Gold:   364        SH:  0    Dex: 15    Spells: 16/23 levels left

rFire    . . .     SeeInvis .   u - +0 war axe
rCold    . . .     Gourm    .   (no shield)
rNeg     . . .     Faith    .   q - +1 ring mail
rPois    .         Spirit   .   l - +2 hat
rElec    .         Reflect  .   v - +0 cloak
rCorr    +         Harm     .   (no gloves)
MR       .....                  (no boots)
Stlth    +++.......             (no amulet)
HPRegen  0.23/turn              b - ring of stealth
MPRegen  0.17/turn              a - ring of resist corrosion

@: infused
A: distributed training, fangs 1, talons 1, strong 1, strong nose
a: Renounce Religion


You were on level 8 of the Dungeon.
You worshipped Nemelex Xobeh.
Nemelex Xobeh was aware of your devotion.
You were not hungry.

You visited 2 branches of the dungeon, and saw 9 of its levels.
You also visited: Sewer.

You collected 364 gold pieces.

Inventory:

Hand Weapons
 u - a +0 war axe (weapon)
 z - a +2 whip of flaming
Missiles
 A - a throwing net (quivered)
Armour
 l - a +2 hat (worn)
 q - a +1 ring mail (worn)
 v - a +0 cloak (worn)
Jewellery
 a - a ring of resist corrosion (right hand)
 b - a ring of stealth (left hand)
Wands
 F - a wand of digging (15)
Scrolls
 g - 6 scrolls of teleportation
 i - 2 scrolls of blinking
 k - 2 scrolls of remove curse
 t - a scroll of amnesia {unknown}
 x - a scroll of immolation {unknown}
 B - a scroll of fear {unknown}
 C - a scroll of enchant weapon {unknown}
 G - a scroll of magic mapping {unknown}
Potions
 e - a potion of cancellation
 h - 9 potions of curing
 j - 6 potions of heal wounds
 m - 3 potions of flight
 o - 3 potions of might
 p - 5 potions of agility
 s - 2 potions of brilliance {unknown}
 w - a potion of resistance {unknown}
 E - a potion of lignification {unknown}
Books
 c - a book of Battle

   Spells                             Type                      Level
   a - Infusion                       Charms                       1
   b - Shroud of Golubria             Charms/Translocation         2
   c - Song of Slaying                Charms                       2
   d - Spectral Weapon                Hexes/Charms                 3
   e - Regeneration                   Charms/Necromancy            3
 n - a book of Cantrips

   Spells                             Type                      Level
   a - Confusing Touch                Hexes                        1
   b - Animate Skeleton               Necromancy                   1
   c - Summon Small Mammal            Summoning                    1
   d - Apportation                    Translocation                1
Miscellaneous
 f - a plain deck of destruction {drawn: 1}
 r - a plain deck of summoning {drawn: 2}
 y - a plain deck of destruction
Comestibles
 d - 4 chunks of flesh
 D - 8 rations


   Skills:
 + Level 7.0 Fighting
 + Level 5.1 Short Blades
 + Level 5.1 Long Blades
 + Level 7.0 Axes
 + Level 5.1 Maces & Flails
 + Level 5.1 Polearms
 + Level 5.1 Staves
 + Level 5.1 Slings
 + Level 5.1 Bows
 + Level 5.1 Crossbows
 + Level 5.1 Throwing
 + Level 5.8 Armour
 + Level 7.0 Dodging
 + Level 5.1 Stealth
 + Level 5.1 Shields
 + Level 5.1 Unarmed Combat
 + Level 7.3 Spellcasting
 + Level 4.2 Conjurations
 + Level 4.2 Hexes
 + Level 7.0 Charms
 + Level 4.2 Summonings
 + Level 4.2 Necromancy
 + Level 4.2 Translocations
 + Level 4.2 Transmutations
 + Level 4.2 Fire Magic
 + Level 4.2 Ice Magic
 + Level 4.2 Air Magic
 + Level 4.2 Earth Magic
 + Level 4.2 Poison Magic
 + Level 5.6 Invocations
 + Level 5.1 Evocations


You had 16 spell levels left.
You knew the following spells:

 Your Spells              Type           Power        Failure   Level  Hunger
a - Infusion              Chrm           ####         1%          1    None
b - Regeneration          Chrm/Necr      ###.......   6%          3    ##.....
c - Spectral Weapon       Hex/Chrm       ###.....     6%          3    ##.....


Dungeon Overview and Level Annotations

Branches:
Dungeon (8/15)             Temple (1/1) D:4
   Lair: D:8-11

Altars:
Ashenzari
Cheibriados
Elyvilon
Fedhas
Gozag
Hepliaklqana
Kikubaaqudgha
Makhleb
Nemelex Xobeh
Okawaru
Qazlal
Ru
Sif Muna
Trog
Uskayaw
Vehumet
Xom
Yredelemnul
Zin
The Shining One
Lugonu

Shops:
D:7 :


Innate Abilities, Weirdness & Mutations

Your experience applies equally to all skills.
You have very sharp teeth.
Your uncanny sense of smell can sniff out nearby items.
You have sharp toenails.
Your muscles are strong. (Str +2)


Message History

The two-headed ogre is moderately wounded.
The two-headed ogre misses you. The two-headed ogre barely misses you.
You hit the two-headed ogre! Your kick misses the two-headed ogre.
The two-headed ogre is heavily wounded.
You barely miss the two-headed ogre. You bite the two-headed ogre.
The two-headed ogre is heavily wounded.
The two-headed ogre hits you with a giant club!
The two-headed ogre misses you.
You hit the two-headed ogre.
The two-headed ogre is heavily wounded.
The two-headed ogre hits you with a giant club! x2
* * * LOW HITPOINT WARNING * * *
You barely miss the two-headed ogre.
You claw the two-headed ogre, but do no damage.
The two-headed ogre is heavily wounded.
The two-headed ogre hits you with a giant club!
* * * LOW HITPOINT WARNING * * *
The two-headed ogre hits you with a giant club!
You die...
Your body disappears without a glow.

#....# +..).+ ∆#....#∆ ∆
#####..### ###.#.#''#.#
#######...........
#................P
#.#####........[P.......
......O@............)...
#[#####..............###
#..........#####
##.........##
#..)....#### #.....#.##
# #.....#./##########
+.....+............
#.....##...########


You could see a two-headed ogre.

Vanquished Creatures
  Pikel (D:6)
  The ghost of kibaces the Chiller, a novice OpIE (D:5)
  Grinder (D:6)
  Edmund (D:6)
  A soldier ant (D:8)
  Duvessa (D:6)
  A water moccasin (D:7)
  2 slaves (D:6)
  2 ice beasts
  3 ogres
  2 centaurs
  4 big kobolds
  Blork the orc (D:6)
  A bullfrog (D:7)
  Dowan (D:6)
  3 wights (D:5)
  A bullfrog zombie (D:7)
  A bullfrog skeleton (D:5)
  2 orc priests
  4 hounds
  4 orc wizards
  Crazy Yiuf (D:5)
  A centaur skeleton (D:4)
  Jessica (D:2)
  3 iguanas
  6 worker ants
  2 hound zombies (D:5)
  A hound skeleton (D:8)
  12 adders
  8 gnolls
  4 oozes
  An adder skeleton (D:6)
  3 worms (D:2)
  4 dart slugs
  12 leopard geckos
  17 orcs
  9 giant cockroaches
  8 goblins
  7 hobgoblins
  11 jackals
  4 quokkas
  2 ball pythons (Sewer)
  10 bats
  8 frilled lizards
  16 kobolds
  2 quokka skeletons
  10 rats
201 creatures vanquished.

Vanquished Creatures (collateral kills)
  A two-headed ogre (D:8)
  A harpy (shapeshifter) (D:8)
  2 ogres
  A crimson imp (D:8)
  An orc wizard (D:7)
  An orc (D:7)
7 creatures vanquished.

Vanquished Creatures (others)
  A slave (D:6)
1 creature vanquished.

Grand Total: 209 creatures vanquished

Notes
Turn   | Place    | Note
-------+----------+-------------------------------------------
     0 | D:1      | KristoblXynda the Gnoll Skald began the quest for the Orb.
     0 | D:1      | Reached XP level 1. HP: 20/20 MP: 6/6
   194 | D:1      | Reached XP level 2. HP: 24/26 MP: 7/7
   405 | D:1      | Reached XP level 3. HP: 20/31 MP: 9/9
   623 | D:1      | Reached skill level 5 in Spellcasting
   858 | D:1      | Reached skill level 1 in Invocations
  1148 | D:1      | Learned a level 3 spell: Regeneration
  1152 | D:1      | Learned a level 3 spell: Spectral Weapon
  1194 | D:2      | Found a burning altar of Makhleb.
  1224 | D:2      | Reached skill level 1 in Short Blades
  1224 | D:2      | Reached skill level 1 in Long Blades
  1224 | D:2      | Reached skill level 1 in Maces & Flails
  1224 | D:2      | Reached skill level 1 in Polearms
  1224 | D:2      | Reached skill level 1 in Staves
  1224 | D:2      | Reached skill level 1 in Slings
  1224 | D:2      | Reached skill level 1 in Bows
  1224 | D:2      | Reached skill level 1 in Crossbows
  1224 | D:2      | Reached skill level 1 in Throwing
  1224 | D:2      | Reached skill level 1 in Stealth
  1224 | D:2      | Reached skill level 1 in Shields
  1224 | D:2      | Reached skill level 1 in Unarmed Combat
  1224 | D:2      | Reached skill level 1 in Evocations
  1224 | D:2      | Reached XP level 4. HP: 34/38 MP: 11/11
  1466 | D:2      | Noticed Jessica
  1487 | D:2      | Killed Jessica
  1487 | D:2      | Reached skill level 1 in Conjurations
  1487 | D:2      | Reached skill level 1 in Hexes
  1487 | D:2      | Reached skill level 1 in Summonings
  1487 | D:2      | Reached skill level 1 in Necromancy
  1487 | D:2      | Reached skill level 1 in Translocations
  1487 | D:2      | Reached skill level 1 in Transmutations
  1487 | D:2      | Reached skill level 1 in Fire Magic
  1487 | D:2      | Reached skill level 1 in Ice Magic
  1487 | D:2      | Reached skill level 1 in Air Magic
  1487 | D:2      | Reached skill level 1 in Earth Magic
  1487 | D:2      | Reached skill level 1 in Poison Magic
  1707 | D:2      | Found a radiant altar of Vehumet.
  2030 | D:3      | Reached XP level 5. HP: 43/43 MP: 8/12
  2203 | D:3      | Found a hazy altar of Hepliaklqana.
  2437 | D:3      | Found a shattered altar of Ashenzari.
  2438 | D:3      | Found an ancient bone altar of Kikubaaqudgha.
  2438 | D:3      | Found a snail-covered altar of Cheibriados.
  2438 | D:3      | Found an opulent altar of Gozag.
  2439 | D:3      | Found a hide-covered altar of Uskayaw.
  2439 | D:3      | Found a basalt altar of Yredelemnul.
  2439 | D:3      | Found a bloodstained altar of Trog.
  2550 | D:3      | Reached XP level 6. HP: 45/50 MP: 9/13
  2983 | D:4      | Found a white marble altar of Elyvilon.
  3013 | D:4      | Found a staircase to the Ecumenical Temple.
  3032 | Temple   | Entered the Ecumenical Temple
  3070 | Temple   | Became a worshipper of Nemelex Xobeh the Trickster
  3526 | D:4      | Found a stormy altar of Qazlal.
  3622 | D:4      | Reached skill level 5 in Fighting
  3622 | D:4      | Reached skill level 5 in Axes
  3622 | D:4      | Reached skill level 5 in Dodging
  3782 | D:4      | Received a gift from Nemelex Xobeh
  3827 | D:4      | Reached XP level 7. HP: 41/56 MP: 9/15
  4287 | D:5      | Entered Level 5 of the Dungeon
  4300 | D:5      | Found a glowing drain.
  4324 | Sewer    | Entered a sewer
  4925 | D:5      | Reached XP level 8. HP: 55/63 MP: 16/16
  5103 | D:5      | Noticed kibaces's ghost (novice OpIE)
  5124 | D:5      | Killed kibaces's ghost
  5363 | D:5      | Reached * piety under Nemelex Xobeh
  5445 | D:5      | Found a runed door.
  5783 | D:5      | Noticed Crazy Yiuf
  5808 | D:5      | Killed Crazy Yiuf
  6103 | D:6      | Noticed Edmund
  6132 | D:6      | Killed Edmund
  6144 | D:6      | Reached XP level 9. HP: 21/69 MP: 8/18
  6431 | D:6      | Noticed Duvessa
  6432 | D:6      | Received a gift from Nemelex Xobeh
  6433 | D:6      | Noticed Dowan
  6449 | D:6      | Killed Duvessa
  6473 | D:6      | Killed Dowan
  6798 | D:6      | Noticed Grinder
  6817 | D:6      | Paralysed by Grinder for 6 turns
  6827 | D:6      | Killed Grinder
  7136 | D:6      | Noticed Pikel
  7136 | D:6      | Noticed Blork the orc
  7272 | D:6      | Killed Blork the orc
  7290 | D:6      | Killed Pikel
  7290 | D:6      | Reached skill level 5 in Armour
  7872 | D:7      | Reached skill level 5 in Invocations
  7901 | D:7      | Gained mutation: You have sharp toenails. [potion of mutation]
  7901 | D:7      | Gained mutation: You have razor-sharp toenails. [potion of mutation]
  7910 | D:7      | Lost mutation: You have razor-sharp toenails. [potion of mutation]
  7910 | D:7      | Lost mutation: You have sharp toenails. [potion of mutation]
  7910 | D:7      | Gained mutation: Your muscles are strong. (Str +2) [potion of mutation]
  7910 | D:7      | Gained mutation: You have sharp toenails. [potion of mutation]
  7959 | D:7      | Received a gift from Nemelex Xobeh
  8028 | D:7      | Found an iron altar of Okawaru.
  8031 | D:7      | Found a glowing silver altar of Zin.
  8036 | D:7      | Found a sacrificial altar of Ru.
  8074 | D:7      | Found Woffuud's Book Boutique.
  8221 | D:7      | Reached XP level 10. HP: 68/77 MP: 20/20
  8308 | D:8      | Noticed a two-headed ogre
  8333 | D:8      | Killed a two-headed ogre
  8333 | D:8      | Reached skill level 5 in Short Blades
  8333 | D:8      | Reached skill level 5 in Long Blades
  8333 | D:8      | Reached skill level 5 in Maces & Flails
  8333 | D:8      | Reached skill level 5 in Polearms
  8333 | D:8      | Reached skill level 5 in Staves
  8333 | D:8      | Reached skill level 5 in Slings
  8333 | D:8      | Reached skill level 5 in Bows
  8333 | D:8      | Reached skill level 5 in Crossbows
  8333 | D:8      | Reached skill level 5 in Throwing
  8333 | D:8      | Reached skill level 5 in Stealth
  8333 | D:8      | Reached skill level 5 in Shields
  8333 | D:8      | Reached skill level 5 in Unarmed Combat
  8333 | D:8      | Reached skill level 5 in Evocations
  8354 | D:8      | Noticed a harpy
  8354 | D:8      | a rime drake changed into a harpy
  8356 | D:8      | Killed a harpy
  8572 | D:8      | Noticed a two-headed ogre
  8578 | D:8      | HP: 3/79 [two-headed ogre/giant club (11)]
  8578 | D:8      | Mangled by a two-headed ogre

Vault maps used:
D:1:      lordsloth_arrival_two_stooges
D:2:      nicolae_overflow_hidden_temple, serial_forest,
          infiniplex_forest_lined_corner, infiniplex_forest_zigzag_1,
          infiniplex_forest_zigzag_1, infiniplex_forest_clump_curved,
          infiniplex_forest_lined_corner, infiniplex_forest_corner_1,
          first_ration, bloody_makhleb, uniq_jessica
D:3:      overflow_temple_1_default, grunt_temple_overflow_open
D:4:      lemuel_upstairs_altar, lemuel_crystal_altar,
          nicolae_qazlal_eye_of_the_storm, minmay_temple_entry_purple_smoke
D:5:      portal_sewer_entry_f, uniq_crazy_yiuf_cottage
D:6:      uniq_pikel, uniq_edmund, uniq_grinder, uniq_duvessa,
          uniq_blork_the_orc
D:7:      grunt_temple_overflow_diamond, serial_shops, nicolae_shop_crystal
D:8:      minmay_the_grid_square_5x5_3x3,
          nicolae_dithmenos_through_a_glass_darkly, blue_anna_alchemist,
          minmay_crystal_room, abandoned_shop, grunt_gozag_statues
Temple:   corrupted_temple
Sewer:    kennysheep_pipe_town

Skill      XL: |  1  2  3  4  5  6  7  8  9 10 |
---------------+-------------------------------+-----
Spellcasting   | 5 6 7 |  7.3
Invocations    | 1 2 3 4 5 |  5.6
Short Blades   | 1 2 3 4 5 |  5.1
Long Blades    | 1 2 3 4 5 |  5.1
Maces & Flails | 1 2 3 4 5 |  5.1
Polearms       | 1 2 3 4 5 |  5.1
Staves         | 1 2 3 4 5 |  5.1
Slings         | 1 2 3 4 5 |  5.1
Bows           | 1 2 3 4 5 |  5.1
Crossbows      | 1 2 3 4 5 |  5.1
Throwing       | 1 2 3 4 5 |  5.1
Stealth        | 1 2 3 4 5 |  5.1
Shields        | 1 2 3 4 5 |  5.1
Unarmed Combat | 1 2 3 4 5 |  5.1
Evocations     | 1 2 3 4 5 |  5.1
Conjurations   | 1 2 3 4 |  4.2
Hexes          | 1 2 3 4 |  4.2
Summonings     | 1 2 3 4 |  4.2
Necromancy     | 1 2 3 4 |  4.2
Translocations | 1 2 3 4 |  4.2
Transmutations | 1 2 3 4 |  4.2
Fire Magic     | 1 2 3 4 |  4.2
Ice Magic      | 1 2 3 4 |  4.2
Air Magic      | 1 2 3 4 |  4.2
Earth Magic    | 1 2 3 4 |  4.2
Poison Magic   | 1 2 3 4 |  4.2
Armour         | 3 4 5 |  5.8
Fighting       | 5 6 7 |  7.0
Axes           | 5 6 7 |  7.0
Dodging        | 5 6 7 |  7.0
Charms         | 6 7 |  7.0

Action                   |  1- 3 |  4- 6 |  7- 9 | 10-12 || total
-------------------------+-------+-------+-------+-------++-------
Melee: Hand axe          |    98 |   262 |   184 |       ||   544
       Bite              |    10 |    24 |    58 |    10 ||   102
       Punch             |     1 |     2 |     5 |     2 ||    10
       War axe           |       |       |   222 |    42 ||   264
       Kick              |       |       |     9 |    16 ||    25
 Cast: Infusion          |     3 |     9 |    18 |     4 ||    34
       Regeneration      |       |     1 |     3 |     3 ||     7
Evoke: Deck              |       |       |     1 |     2 ||     3
  Use: Potion            |       |     1 |     2 |       ||     3
       Scroll            |       |     4 |     7 |       ||    11
 Stab: Sleeping          |     3 |     1 |    11 |     1 ||    16
       Distracted        |       |       |     1 |       ||     1
  Eat: Ration            |     1 |     1 |     4 |       ||     6
       Chunk             |       |     3 |     1 |     2 ||     6
Armor: Leather armour    |    25 |    31 |       |       ||    56
       Ring mail         |       |    26 |   149 |     9 ||   184
Dodge: Dodged            |    70 |   166 |   300 |    34 ||   570

Table legend:
 A = Spawn XP
 B = Non-spawn XP
 C = Spawn XP percentage of total XP
 D = Spawn monster count
 E = Non-spawn monster count
 F = Spawn count percentage of total count
 G = Total turns spent on level
                    A         B        C        D         E        F      G
               +---------+---------+-------+---------+---------+-------+---------
         Total |       0 |    6579 |   0.0 |       0 |     206 |   0.0 |  8578
               +---------+---------+-------+---------+---------+-------+---------
           D:1 |       0 |      62 |   0.0 |       0 |      26 |   0.0 |  1180
           D:2 |       0 |      97 |   0.0 |       0 |      24 |   0.0 |   846
           D:3 |       0 |     186 |   0.0 |       0 |      30 |   0.0 |   922
           D:4 |       0 |     417 |   0.0 |       0 |      20 |   0.0 |  1280
           D:5 |       0 |     959 |   0.0 |       0 |      24 |   0.0 |  1504
           D:6 |       0 |    1655 |   0.0 |       0 |      17 |   0.0 |  1560
           D:7 |       0 |    1065 |   0.0 |       0 |      29 |   0.0 |   636
           D:8 |       0 |    1806 |   0.0 |       0 |      12 |   0.0 |   312
         Sewer |       0 |     332 |   0.0 |       0 |      24 |   0.0 |   279
               +---------+---------+-------+---------+---------+-------+---------
